| TOP OF THE 1ST |
|
Greensboro Grasshoppers batting - Pitching for Peoria Chiefs : RHP Josh Sabatino
|
|
Pitching: RHP Josh Sabatino
|
|
|
Batting: RHB Tom Thompson
|
0-0: Ball 1-0: SINGLE (Groundball, 5S, EV 73.1 MPH) (infield hit)
|
|
Batting: LHB Angelo Estrella
|
0-0: Swinging Strike 0-1: Foul Ball, location: 2F 0-2: Fly out, F7 (Line Drive, 7, EV 83.8 MPH)
|
|
Batting: LHB Dong-u Chang
|
0-0: Swinging Strike 0-1: Swinging Strike 0-2: Foul Ball, location: 2F 0-2: Ball 1-2: Strikes out swinging
|
|
Batting: RHB Miguel Velasco
|
0-0: Called Strike 0-1: Called Strike Tom Thompson steals 2nd base 0-2: Foul Ball, location: 2F 0-2: Ball 1-2: Ball 2-2: Foul Ball, location: 2F 2-2: Foul Ball, location: 2F 2-2: Strikes out swinging
|
| Top of the 1st over - 0 runs, 1 hit, 0 errors, 1 left on base; Greensboro 0 - Peoria 0 |
| BOTTOM OF THE 1ST |
|
Peoria Chiefs batting - Pitching for Greensboro Grasshoppers : RHP Andy Gibson
|
|
Pitching: RHP Andy Gibson
|
|
|
Batting: RHB Robby Hickman
|
0-0: Called Strike 0-1: Foul Ball, location: 2F 0-2: Foul Ball, location: 2F 0-2: Ball 1-2: Ball 2-2: Ball 3-2: SINGLE (Groundball, 56, EV 103.8 MPH) (infield hit)
|
|
Batting: RHB Tommy Tracy
|
0-0: Ball 1-0: Swinging Strike 1-1: Ball Robby Hickman is caught stealing 2nd base 2-4 2-1: SINGLE (Groundball, 34D, EV 107.5 MPH)
|
|
Batting: RHB Bobby Miles
|
0-0: Called Strike 0-1: Ball 1-1: Ball 2-1: Fielders Choice at 2nd, 6-4 (Groundball, 6, EV 78.1 MPH)
|
|
Now at 2B: Nick Dunton
|
|
|
Batting: RHB Sam Daw
|
0-0: Called Strike 0-1: Fly out, F7 (Flyball, 7S, EV 76.9 MPH)
|
| Bottom of the 1st over - 0 runs, 2 hits, 0 errors, 1 left on base; Greensboro 0 - Peoria 0 |
| TOP OF THE 2ND |
|
Greensboro Grasshoppers batting - Pitching for Peoria Chiefs : RHP Josh Sabatino
|
|
Batting: RHB Nate Crofts
|
0-0: Swinging Strike 0-1: Fly out, F7 (Flyball, 7D, EV 87.5 MPH)
|
|
Batting: RHB Alberto Bravo
|
0-0: Called Strike 0-1: Fly out, F9 (Flyball, 9D, EV 83.1 MPH)
|
|
Batting: RHB Nick Dunton
|
0-0: Called Strike 0-1: Fly out, F4 (Line Drive, 4, EV 68.1 MPH)
|
| Top of the 2nd over - 0 runs, 0 hits, 0 errors, 0 left on base; Greensboro 0 - Peoria 0 |
| BOTTOM OF THE 2ND |
|
Peoria Chiefs batting - Pitching for Greensboro Grasshoppers : RHP Andy Gibson
|
|
Batting: RHB Edgar Landim
|
0-0: SINGLE (Groundball, 56D, EV 99.4 MPH)
|
|
Batting: RHB Workneh Lagat
|
0-0: Ball 1-0: SINGLE (Groundball, 34D, EV 81.9 MPH) (infield hit) Edgar Landim to second
|
|
Batting: RHB Fekadu Alhaadi
|
0-0: Ball 1-0: Called Strike 1-1: Ball 2-1: Foul Ball, location: 2F 2-2: Fielders Choice at 2nd, 5-4 (Groundball, 56, EV 80.0 MPH) Edgar Landim to third
|
|
Batting: RHB Roberto Ruiz
|
0-0: Ball 1-0: Ball 2-0: Foul Ball, location: 2F 2-1: Called Strike 2-2: Ball Passed Ball! Edgar Landim scores Fekadu Alhaadi to second 3-2: Ground out 5-3 (Groundball, 56, EV 103.8 MPH)
|
|
Batting: RHB Kyle Burns
|
0-0: Ball 1-0: Swinging Strike 1-1: Ball 2-1: Fly out, F9 (Flyball, 89M, EV 83.8 MPH)
|
| Bottom of the 2nd over - 1 run, 2 hits, 0 errors, 1 left on base; Greensboro 0 - Peoria 1 |
| TOP OF THE 3RD |
|
Greensboro Grasshoppers batting - Pitching for Peoria Chiefs : RHP Josh Sabatino
|
|
Batting: RHB Hikaru Nakata
|
0-0: Called Strike 0-1: Foul Ball, location: 2F 0-2: Ball 1-2: Ball 2-2: Foul Ball, location: 2F 2-2: Strikes out looking
|
|
Batting: RHB Dennis Coppolino
|
0-0: Foul Ball, location: 2F 0-1: Called Strike 0-2: Ball 1-2: Strikes out swinging
|
|
Batting: RHB Tom Thompson
|
0-0: Ball 1-0: Ball 2-0: Called Strike 2-1: Swinging Strike 2-2: Foul Ball, location: 2F 2-2: Foul Ball, location: 2F 2-2: Ball 3-2: Strikes out swinging
|
| Top of the 3rd over - 0 runs, 0 hits, 0 errors, 0 left on base; Greensboro 0 - Peoria 1 |
| BOTTOM OF THE 3RD |
|
Peoria Chiefs batting - Pitching for Greensboro Grasshoppers : RHP Andy Gibson
|
|
Batting: RHB Robby Hickman
|
0-0: Called Strike 0-1: Foul Ball, location: 2F 0-2: Ball 1-2: Foul Ball, location: 2F 1-2: Foul Ball, location: 2F 1-2: Strikes out looking
|
|
Batting: RHB Tommy Tracy
|
0-0: Called Strike 0-1: Swinging Strike 0-2: Ball 1-2: SINGLE (Line Drive, 6D, EV 96.9 MPH)
|
|
Batting: RHB Bobby Miles
|
0-0: Swinging Strike 0-1: Ball 1-1: Foul Ball, location: 2F 1-2: Strikes out swinging
|
|
Batting: RHB Sam Daw
|
0-0: Swinging Strike 0-1: Foul Ball, location: 2F 0-2: Ball 1-2: Ball 2-2: Strikes out swinging
|
| Bottom of the 3rd over - 0 runs, 1 hit, 0 errors, 1 left on base; Greensboro 0 - Peoria 1 |
| TOP OF THE 4TH |
|
Greensboro Grasshoppers batting - Pitching for Peoria Chiefs : RHP Josh Sabatino
|
|
Batting: LHB Angelo Estrella
|
0-0: Called Strike 0-1: Ball 1-1: Ball 2-1: Called Strike 2-2: Strikes out swinging, 2-3 out at first.
|
|
Batting: LHB Dong-u Chang
|
0-0: Ball 1-0: Called Strike 1-1: Called Strike 1-2: Ball 2-2: Foul Ball, location: 2F 2-2: Ball 3-2: Foul Ball, location: 2F 3-2: Foul Ball, location: 2F 3-2: SINGLE (Groundball, 3D, EV 96.9 MPH)
|
|
Batting: RHB Miguel Velasco
|
0-0: Called Strike 0-1: SINGLE (Flyball, 89S, EV 85.0 MPH) Dong-u Chang to second Runner from 2nd tries for 3rd, SAFE, throw by CF made to third
|
|
Batting: RHB Nate Crofts
|
0-0: Called Strike 0-1: Ball 1-1: Fly out, F7 (Line Drive, 78S, EV 97.5 MPH)
|
|
Batting: RHB Alberto Bravo
|
0-0: Fielders Choice at 2nd, U6 (Groundball, 6M, EV 81.9 MPH)
|
| Top of the 4th over - 0 runs, 2 hits, 0 errors, 2 left on base; Greensboro 0 - Peoria 1 |
| BOTTOM OF THE 4TH |
|
Peoria Chiefs batting - Pitching for Greensboro Grasshoppers : RHP Andy Gibson
|
|
Batting: RHB Edgar Landim
|
0-0: Ball 1-0: Fly out, F6 (Popup, 6MD, EV 56.2 MPH)
|
|
Batting: RHB Workneh Lagat
|
0-0: Ball 1-0: Ball 2-0: Ball 3-0: Called Strike 3-1: Fly out, F9 (Flyball, 89S, EV 93.8 MPH)
|
|
Batting: RHB Fekadu Alhaadi
|
0-0: Foul Ball, location: 2F 0-1: Ball 1-1: Ball 2-1: Called Strike 2-2: Strikes out swinging
|
| Bottom of the 4th over - 0 runs, 0 hits, 0 errors, 0 left on base; Greensboro 0 - Peoria 1 |
| TOP OF THE 5TH |
|
Greensboro Grasshoppers batting - Pitching for Peoria Chiefs : RHP Josh Sabatino
|
|
Batting: RHB Nick Dunton
|
0-0: Called Strike 0-1: Ball 1-1: Ball 2-1: Ball 3-1: Foul Ball, location: 2F 3-2: Base on Balls
|
|
Batting: RHB Hikaru Nakata
|
0-0: Grounds into double play, 5-4-3 (Groundball, 56D, EV 86.2 MPH)
|
|
Batting: RHB Dennis Coppolino
|
0-0: Ball 1-0: Called Strike 1-1: Ball 2-1: Called Strike 2-2: Strikes out swinging
|
| Top of the 5th over - 0 runs, 0 hits, 0 errors, 0 left on base; Greensboro 0 - Peoria 1 |
| BOTTOM OF THE 5TH |
|
Peoria Chiefs batting - Pitching for Greensboro Grasshoppers : RHP Andy Gibson
|
|
Batting: RHB Roberto Ruiz
|
0-0: Called Strike 0-1: Fly out, F8 (Flyball, 89M, EV 86.9 MPH)
|
|
Batting: RHB Kyle Burns
|
0-0: Called Strike 0-1: Ground out 4-3 (Groundball, 4, EV 108.8 MPH)
|
|
Batting: RHB Robby Hickman
|
0-0: Called Strike 0-1: Foul Ball, location: 2F 0-2: Ball 1-2: Ball 2-2: SINGLE (Groundball, 56D, EV 98.8 MPH)
|
|
Batting: RHB Tommy Tracy
|
0-0: Foul Ball, location: 2F 0-1: Ball 1-1: Ball Robby Hickman is caught stealing 2nd base 2-4
|
| Bottom of the 5th over - 0 runs, 1 hit, 0 errors, 0 left on base; Greensboro 0 - Peoria 1 |
| TOP OF THE 6TH |
|
Greensboro Grasshoppers batting - Pitching for Peoria Chiefs : RHP Josh Sabatino
|
|
Batting: RHB Tom Thompson
|
0-0: Ball 1-0: SINGLE (Line Drive, 89S, EV 95.0 MPH)
|
|
Batting: LHB Angelo Estrella
|
0-0: Ball 1-0: Called Strike Tom Thompson is caught stealing 2nd base 2-6 1-1: Foul Ball, location: 2F 1-2: Ball 2-2: Ball 3-2: Base on Balls
|
|
Batting: LHB Dong-u Chang
|
0-0: DOUBLE (Flyball, 8RXD, EV 90.0 MPH) Angelo Estrella to third
|
|
Batting: RHB Miguel Velasco
|
0-0: Called Strike 0-1: Foul Ball, location: 2F 0-2: Ball 1-2: Strikes out swinging
|
|
Batting: RHB Nate Crofts
|
0-0: Ball 1-0: Ball 2-0: Foul Ball, location: 2F 2-1: SINGLE (Line Drive, 56, EV 100.0 MPH) Angelo Estrella scores Dong-u Chang to third Runner from 3rd tries for Home, SAFE, throw by LF to home
|
|
Batting: RHB Alberto Bravo
|
0-0: Called Strike 0-1: Called Strike 0-2: Ball 1-2: Fly out, F7 (Flyball, 78D, EV 91.9 MPH)
|
| Top of the 6th over - 2 runs, 3 hits, 0 errors, 1 left on base; Greensboro 2 - Peoria 1 |
| BOTTOM OF THE 6TH |
|
Peoria Chiefs batting - Pitching for Greensboro Grasshoppers : RHP Andy Gibson
|
|
Batting: RHB Tommy Tracy
|
0-0: Ball 1-0: Ground out 4-3 (Groundball, 4, EV 80.6 MPH)
|
|
Batting: RHB Bobby Miles
|
0-0: Ball 1-0: Ball 2-0: Ball 3-0: Called Strike 3-1: Base on Balls
|
|
Batting: RHB Sam Daw
|
0-0: Called Strike 0-1: Ball 1-1: Foul Ball, location: 2F 1-2: Ball 2-2: Ball 3-2: Fly out, F4 (Popup, 4, EV 69.4 MPH)
|
|
Batting: RHB Edgar Landim
|
0-0: Foul Ball, location: 2F 0-1: Ball 1-1: Ball 2-1: SINGLE (Flyball, 78M, EV 86.2 MPH) Bobby Miles to second
|
|
Batting: RHB Workneh Lagat
|
0-0: Swinging Strike 0-1: Ball 1-1: Ball 2-1: Ball 3-1: Foul Ball, location: 2F 3-2: Strikes out swinging
|
| Bottom of the 6th over - 0 runs, 1 hit, 0 errors, 2 left on base; Greensboro 2 - Peoria 1 |
| TOP OF THE 7TH |
|
Greensboro Grasshoppers batting - Pitching for Peoria Chiefs : RHP Josh Sabatino
|
|
Pitching: RHP Derrick Easley
|
|
|
Batting: RHB Nick Dunton
|
0-0: Ball 1-0: Foul Ball, location: 2F 1-1: Ball 2-1: Swinging Strike 2-2: Foul Ball, location: 2F 2-2: Ground out 2-3 (Groundball, 2L, EV 63.1 MPH)
|
|
Batting: RHB Hikaru Nakata
|
0-0: Foul Ball, location: 2F 0-1: Called Strike 0-2: Ball 1-2: Foul Ball, location: 2F 1-2: Strikes out looking
|
|
Batting: RHB Dennis Coppolino
|
0-0: Ball 1-0: Ball 2-0: Ground out 4-3 (Groundball, 4, EV 104.4 MPH)
|
| Top of the 7th over - 0 runs, 0 hits, 0 errors, 0 left on base; Greensboro 2 - Peoria 1 |
| BOTTOM OF THE 7TH |
|
Peoria Chiefs batting - Pitching for Greensboro Grasshoppers : RHP Andy Gibson
|
|
Batting: RHB Fekadu Alhaadi
|
0-0: Ball 1-0: Ball 2-0: SINGLE (Line Drive, 8RS, EV 99.4 MPH)
|
|
Batting: RHB Roberto Ruiz
|
0-0: Called Strike 0-1: Ball Wild Pitch! Fekadu Alhaadi to second 1-1: Swinging Strike 1-2: Foul Ball, location: 2F 1-2: Strikes out swinging
|
|
Pitching: LHP Mike Wasson
|
|
|
Batting: RHB Kyle Burns
|
0-0: Foul Ball, location: 2F 0-1: Called Strike 0-2: Ball 1-2: Strikes out swinging
|
|
Batting: RHB Robby Hickman
|
0-0: Ground out 5-3 (Groundball, 56, EV 86.2 MPH)
|
| Bottom of the 7th over - 0 runs, 1 hit, 0 errors, 1 left on base; Greensboro 2 - Peoria 1 |
| TOP OF THE 8TH |
|
Greensboro Grasshoppers batting - Pitching for Peoria Chiefs : RHP Derrick Easley
|
|
Batting: RHB Tom Thompson
|
0-0: Fly out, F7 (Line Drive, 78M, EV 91.9 MPH)
|
|
Batting: LHB Angelo Estrella
|
0-0: Foul Ball, location: 2F 0-1: Foul Ball, location: 2F 0-2: Ball 1-2: Foul Ball, location: 2F 1-2: Ball 2-2: Foul Ball, location: 2F 2-2: Ball 3-2: Foul Ball, location: 2F 3-2: Foul Ball, location: 2F 3-2: Base on Balls
|
|
Batting: LHB Dong-u Chang
|
0-0: Ball 1-0: Ball 2-0: Called Strike 2-1: Foul Ball, location: 2F 2-2: Foul Ball, location: 2F 2-2: Strikes out swinging
|
|
Batting: RHB Miguel Velasco
|
0-0: Called Strike 0-1: Swinging Strike 0-2: 2-RUN HOME RUN (Flyball, 7D, EV 95.0 MPH), Distance : 359 ft
|
|
Batting: RHB Nate Crofts
|
0-0: Ball 1-0: Ball 2-0: Ball 3-0: Called Strike 3-1: Base on Balls
|
|
Pitching: RHP Mike Cain
|
|
|
Batting: RHB Alberto Bravo
|
0-0: Called Strike 0-1: Ball 1-1: Fly out, F9 (Flyball, 9, EV 93.1 MPH)
|
| Top of the 8th over - 2 runs, 1 hit, 0 errors, 1 left on base; Greensboro 4 - Peoria 1 |
| BOTTOM OF THE 8TH |
|
Peoria Chiefs batting - Pitching for Greensboro Grasshoppers : LHP Mike Wasson
|
|
Batting: RHB Tommy Tracy
|
0-0: Ball 1-0: Ball 2-0: Ball 3-0: Base on Balls
|
|
Batting: RHB Bobby Miles
|
0-0: Called Strike 0-1: Ball 1-1: Fielders Choice at 2nd, 5-4 (Groundball, 56S, EV 90.0 MPH)
|
|
Batting: RHB Sam Daw
|
0-0: Ball 1-0: Swinging Strike 1-1: Ball 2-1: Ball 3-1: Base on Balls Bobby Miles to second
|
|
Batting: RHB Edgar Landim
|
0-0: Called Strike 0-1: Called Strike 0-2: Ball 1-2: Fly out, F7 (Flyball, 7S, EV 76.2 MPH)
|
|
Batting: RHB Workneh Lagat
|
0-0: Called Strike 0-1: Swinging Strike 0-2: Strikes out looking
|
| Bottom of the 8th over - 0 runs, 0 hits, 0 errors, 2 left on base; Greensboro 4 - Peoria 1 |
| TOP OF THE 9TH |
|
Greensboro Grasshoppers batting - Pitching for Peoria Chiefs : RHP Mike Cain
|
|
Pitching: RHP Pabiyan Vetlitsky
|
|
|
Batting: RHB Nick Dunton
|
0-0: Ball 1-0: Ball 2-0: Ground out 5-3 (Groundball, 56, EV 108.8 MPH)
|
|
Batting: RHB Hikaru Nakata
|
0-0: Foul Ball, location: 2F 0-1: Foul Ball, location: 2F 0-2: Ball 1-2: Ball 2-2: Ball 3-2: Ground out 6-3 (Groundball, 6M, EV 83.8 MPH)
|
|
Batting: RHB Dennis Coppolino
|
0-0: Foul Ball, location: 2F 0-1: Fly out, F7 (Flyball, 7D, EV 94.4 MPH)
|
| Top of the 9th over - 0 runs, 0 hits, 0 errors, 0 left on base; Greensboro 4 - Peoria 1 |
| BOTTOM OF THE 9TH |
|
Peoria Chiefs batting - Pitching for Greensboro Grasshoppers : LHP Mike Wasson
|
|
Pitching: RHP Rodolfo Mendez
|
|
|
Batting: RHB Fekadu Alhaadi
|
0-0: Ball 1-0: Called Strike 1-1: Ball 2-1: Foul Ball, location: 2F 2-2: Strikes out looking
|
|
Batting: RHB Roberto Ruiz
|
0-0: Ball 1-0: Ball 2-0: Ball 3-0: Called Strike 3-1: Fly out, F9 (Line Drive, 89M, EV 103.8 MPH)
|
|
Batting: RHB Kyle Burns
|
0-0: Ball 1-0: Ball 2-0: Called Strike 2-1: Ball 3-1: SINGLE (Groundball, 56D, EV 98.8 MPH)
|
|
Batting: RHB Robby Hickman
|
0-0: Ball 1-0: Foul Ball, location: 2F 1-1: Ball 2-1: Foul Ball, location: 2F 2-2: Foul Ball, location: 2F 2-2: Strikes out swinging
|
| Bottom of the 9th over - 0 runs, 1 hit, 0 errors, 1 left on base; Greensboro 4 - Peoria 1 |
|